AoeStats
← Lord_Wilfredo

Arena

508609188Analyzed
4v4 RM · 10d ago on Sep 23, 2026· 43m 36s· 8 players
Game mode
Random Map
Map size
Large (8 player)
Population
200
Speed
Normal
Resources
Standard
Victory
Conquest
Starting age
Dark Age
Ending age
Imperial Age
RankedLock teamsTeams togetherTeam positionsShared explorationLock speedFull tech treeHidden civsTurbo modeCheats
Victory
Defeat
🇨🇴 Varangians · Colombia
1342
+14
🇩🇪 Gurjaras · Germany
1335
+14
🇯🇵 Teutons · Japan
1313
+15
🇮🇳 Khmer · India
1302
+15
🇦🇷 Spanish · Argentina
1328
-16
🇹🇼 Varangians · Taiwan
1315
-15
🇹🇼 Danes · Taiwan
1272
-14
🇦🇷 Saxons · Argentina
1247
-13
jaimeerp
9:04 Loom
10:54 Feudal Age
14:43 Castle Age
14:17 Double-Bit Axe
14:14 Horse Collar
15:33 Forging
19:46 Loom
20:52 Wheelbarrow
22:43 Heavy Plow
25:01 Hand Cart
26:04 Gold Mining
26:27 Bow Saw
27:05 Scale Barding Armor
30:06 Scale Mail Armor
30:42 Iron Casting
30:25 Squires
30:56 Stone Mining
31:30 Gambesons
32:01 Chain Mail Armor
34:46 Imperial Age
32:30 Arson
35:04 Elite Varangian Guard
36:38 Stone Shaft Mining
36:00 Gothikon
38:01 Conscription
39:48 Fletching
40:30 Plate Mail Armor
41:02 Blast Furnace
42:27 Chain Barding Armor
41:46 Elite Jarl
44:03 Bodkin Arrow
44:31 Ballistics
Fanume
10:31 Feudal Age
11:38 Double-Bit Axe
14:21 Castle Age
12:22 Gold Mining
12:57 Horse Collar
21:19 Bow Saw
24:48 Wheelbarrow
24:48 Stone Mining
28:11 Imperial Age
26:14 Hand Cart
25:47 Loom
25:48 Town Watch
26:12 Fletching
26:46 Ballistics
27:01 Heavy Plow
27:40 Gold Shaft Mining
27:31 Bodkin Arrow
28:17 Padded Archer Armor
28:47 Thumb Ring
29:11 Kshatriyas
29:23 Bracer
29:39 Leather Archer Armor
30:12 Conscription
33:07 Chemistry
31:30 Elite Elephant Archer
33:14 Crop Rotation
33:16 Siege Elephant
34:59 Hoardings
36:37 Stone Shaft Mining
36:11 Caravan
36:42 Coinage
36:53 Husbandry
37:04 Bloodlines
37:23 Frontier Guards
42:54 Murder Holes
43:41 Treadmill Crane
44:11 Masonry
PeterWong1988
7:04 Loom
9:31 Feudal Age
10:14 Town Watch
10:54 Fletching
15:28 Horse Collar
25:33 Castle Age
26:39 Bodkin Arrow
28:12 Padded Archer Armor
31:36 Double-Bit Axe
31:57 Heavy Plow
39:05 Squires
39:57 Bow Saw
40:00 Forging
39:50 Scale Mail Armor
42:04 Wheelbarrow
42:19 Chain Mail Armor
42:40 Iron Casting
42:47 Arson
42:49 Gambesons
45:57 Imperial Age
44:22 Ironclad
BLADE
11:24 Feudal Age
11:56 Double-Bit Axe
14:23 Castle Age
12:04 Horse Collar
15:29 Bow Saw
20:13 Wheelbarrow
20:25 Town Watch
20:26 Loom
23:33 Hand Cart
24:04 Heavy Plow
24:38 Gold Mining
25:17 Stone Mining
26:09 Gold Shaft Mining
28:12 Imperial Age
26:46 Husbandry
26:56 Bloodlines
26:06 Light Cavalry
27:11 Scale Barding Armor
27:17 Forging
29:08 Chain Barding Armor
28:18 Elite Battle Elephant
29:35 Iron Casting
30:02 Tusk Swords
30:43 Plate Barding Armor
33:29 Conscription
34:52 Blast Furnace
35:17 Crop Rotation
38:40 Chemistry
37:52 Masonry
39:14 Coinage
42:25 Fletching
43:14 Hoardings
44:17 Stone Shaft Mining
11HQQQQ
10:55 Feudal Age
13:20 Loom
19:53 Castle Age
22:29 Fletching
23:24 Scale Mail Armor
36:06 Padded Archer Armor
38:42 Double-Bit Axe
SKYRIM
10:57 Feudal Age
14:36 Castle Age
12:44 Double-Bit Axe
16:29 Bow Saw
18:19 Horse Collar
19:57 Heavy Plow
22:49 Wheelbarrow
22:45 Town Watch
22:53 Loom
23:31 Gold Mining
24:45 Stone Mining
28:52 Imperial Age
27:27 Scale Barding Armor
27:34 Forging
28:16 Hand Cart
28:38 Chain Barding Armor
29:37 Iron Casting
30:06 Squires
29:50 Pikeman
31:28 Scale Mail Armor
31:32 Halberdier
33:28 Chain Mail Armor
35:34 Plate Mail Armor
36:05 Blast Furnace
36:06 Conscription
35:10 Gothikon
37:22 Fletching
37:23 Gothikon
37:29 Elite Varangian Guard
39:59 Bodkin Arrow
40:04 Padded Archer Armor
41:50 Two-Man Saw
40:22 Elite Skirmisher
42:54 Leather Archer Armor
Lord_Wilfredo
10:34 Feudal Age
11:14 Loom
14:01 Castle Age
12:40 Horse Collar
15:10 Double-Bit Axe
19:58 Bow Saw
27:32 Wheelbarrow
30:02 Imperial Age
27:53 Scale Barding Armor
27:50 Padded Archer Armor
28:00 Town Watch
28:51 Hand Cart
28:53 Bloodlines
28:44 Husbandry
28:20 Elite Skirmisher
29:32 Leather Archer Armor
29:08 Fletching
29:39 Chain Barding Armor
29:46 Gold Mining
29:46 Stone Mining
31:51 Chemistry
30:59 Thumb Ring
31:16 Conscription
31:03 Husbandry
32:13 Two-Man Saw
32:12 Ring Archer Armor
32:03 Chain Barding Armor
31:57 Cavalier
33:10 Ballistics
33:41 Forging
33:26 Bodkin Arrow
34:55 Plate Barding Armor
34:50 Bombard Tower
35:59 Careening
36:46 Pikeman
37:27 Squires
37:41 Halberdier
38:24 Scale Mail Armor
38:25 Bracer
39:00 Iron Casting
41:13 Chain Mail Armor
疫拳抄人
10:46 Feudal Age
12:11 Double-Bit Axe
14:48 Castle Age
12:52 Horse Collar
15:53 Bow Saw
15:44 Heavy Plow
21:53 Scale Mail Armor
22:13 Pikeman
25:28 Squires
26:17 Chain Mail Armor
26:59 Forging
28:47 Iron Casting
28:07 Gold Mining
32:26 Imperial Age
29:41 Loom
30:31 Wheelbarrow
29:42 Town Watch
32:29 Halberdier
33:47 Plate Mail Armor
32:42 Capped Ram
33:09 Man-at-Arms
33:34 Gambesons
33:54 Long Swordsman
35:38 Blast Furnace
34:52 Fletching
34:49 Siege Ram
34:50 Heavy Scorpion
34:58 Two-Handed Swordsman
35:25 Arson
36:49 Coinage
35:52 Champion
37:11 Conscription
36:47 Elite Varangian Guard
39:03 Hamask
Connection lost

Rejoining the realm…

Still unreachable

The connection could not be restored.

Session expired

The server has moved on; the page needs a fresh start.